Map: Thunderbird LE

Players

Dtrap - Winner!

  • Race: Zerg Zerg
  • League: Platinum
  • Spawn Location: 5:00

Thorvak

  • Race: Terran Terran
  • League: Platinum
  • Spawn Location: 11:00

VOD

Have the link to the VOD?

Description

Time

  • Played on: June 3, 2019, 4:30 a.m.
  • Length: 5:16
Show
View Real Time Build Order
Export as new Build Order

Dtrap Zerg - Winner!

Build Orders: Hatch First 

Get SALT Encoding   

  12  0:01  Drone  
  13  0:12  Overlord  
  13  0:16  Drone  
  14  0:31  Drone x2  
  14  0:35  Drone  
  17  0:54  Hatchery  
  16  0:58  Drone  
  16  0:59  Drone  
  18  1:15  Extractor  
  18  1:17  Evolution Chamber  
  17  1:19  Spawning Pool  
  17  1:20  Drone  
  17  1:21  Drone  
  18  1:29  Drone  
  19  1:40  Overlord  
  19  1:51  Drone  
  20  2:06  Queen x2  
  20  2:07  Zergling x4  
  26  2:13  Drone  
  27  2:25  Zergling x4  
  28  2:32  Zergling x2  
  26  2:42  Zergling x4  
  27  2:54  Zergling x6  
  30  3:02  Drone  
  30  3:15  Drone x3  
  30  3:19  Baneling Nest  
  31  3:36  Zergling x4  
  31  3:37  Zergling x2  
  33  3:46  Drone x2  
  35  3:55  Overlord x3  
  35  3:57  Overlord  
  35  4:19  Baneling  
  35  4:20  Baneling x6  
  35  4:27  Zergling x6  
  35  4:28  Zergling x8  
  39  4:49  Zergling x12  
Show
View Real Time Build Order
Export as new Build Order

Thorvak Terran 

Build Orders:  

Get SALT Encoding   

  13  0:12  Supply Depot  
  12  0:40  Barracks  
  12  0:43  Barracks  
  12  0:48  SCV  
  13  1:01  SCV  
  14  1:27  Orbital Command  
  14  1:28  Marine  
  14  1:31  Marine  
  16  1:43  Barracks  
  16  1:48  Marine  
  17  1:54  SCV  
  17  1:55  Supply Depot  
  17  1:56  Marine  
  19  2:07  SCV  
  20  2:08  Marine  
  21  2:16  Bunker  
  21  2:18  Bunker  
  21  2:22  Marine  
  20  2:39  Marine x2  
  20  2:40  Marine  
  19  2:56  Marine  
  19  2:57  Marine  
  19  3:02  Marine  
  19  3:09  Refinery x2  
  19  3:14  Marine, Supply Depot  
  19  3:18  Marine  
  18  3:20  Marine  
  18  3:23  SCV  
  14  3:56  SCV  
  15  4:05  Command Center  
  15  4:11  Factory  
  15  4:28  Engineering Bay  
Tags
 
Add a new tag
Caveats
  • Supply blocks, unpowered buildings, or Contaminate may cause inaccurate times.
  • Supply counts are checked every 10 seconds.